 Dungeon Crawl Stone Soup version 0.31-a0-1476-g8a4046af8c (webtiles) character file.

Game seed: 11162790288987341028

60768 NoAnimeNoLife the Executioner (level 15, 0/136 (137) HPs)
             Began as a Hill Orc Fighter on Dec 29, 2023.
             Was the Champion of Beogh.
             Shot with an arrow by a centaur (9 damage)
             ... on level 2 of the Orcish Mines.
             The game lasted 00:25:58 (17269 turns).

NoAnimeNoLife the Executioner (Hill Orc Fighter)   Turns: 17269, Time: 00:25:58

HP:   0/136 (137)   AC: 18    Str: 26 (27) XL:     15   Next: 0%
MP:   17/17         EV:  8    Int:  4 (5)  God:    Beogh [******]
Gold: 750           SH:  0    Dex: 13      Spells: 14/14 levels left

rFire   + . .        c - +4 executioner's axe (venom)
rCold   + + .        (shield currently unavailable)
rNeg    + . .        P - +2 plate armour {rC+}
rPois   +            (helmet restricted)
rElec   +            v - scarf {rC+ rF+}
rCorr   .            O - +2 pair of gloves
SInv    .            V - +2 pair of boots
Will    +....        p - amulet of regeneration Stlth
                     L - ring "Rufog" {rElec rPois rN+ Int-3 Dex+3}
HPRegen 1.22/turn    m - +4 ring of protection
MPRegen 0.15/turn

%: no passive effects
@: corroded, hasted, lightly drained, very quick
A: walk on water, antennae 1, deterioration 1
a: Renounce Religion, Smiting, Recall Orcish Followers, Give Item to Named
Follower, Resurrection


You were on level 2 of the Orcish Mines.
You worshipped Beogh.
Beogh was exalted by your worship.
You visited 5 branches of the dungeon, and saw 21 of its levels.

You collected 1454 gold pieces.
You spent 704 gold pieces at shops.

Inventory:

Hand Weapons
 c - a +4 executioner's axe of venom (weapon)
 M - a +3 war axe
Missiles
 x - 3 throwing nets
Armour
 v - a scarf of resistance (worn)
 O - a +2 pair of gloves (worn)
 P - a +2 plate armour of cold resistance (worn)
 V - a +2 pair of boots (worn)
Jewellery
 m - a +4 ring of protection (right hand)
 p - an amulet of regeneration (around neck)
 s - a +6 ring of intelligence
 F - a ring of magical power
 K - a +6 ring of dexterity
 L - the ring "Rufog" (left hand) {rElec rPois rN+ Int-3 Dex+3}
   (You found it on level 5 of the Lair of Beasts)

   [ring of positive energy]

   Int-3:     It affects your intelligence (-3).
   Dex+3:     It affects your dexterity (+3).
   rElec:     It insulates you from electricity.
   rPois:     It protects you from poison rN+: It protects you from negative
   energy.
 N - a ring of positive energy
Wands
 A - a wand of polymorph (11)
 D - a wand of quicksilver (5)
 E - a wand of digging (15) {@v3}
 J - a wand of mindburst (21)
Scrolls
 g - a scroll of vulnerability
 l - a scroll of noise
 o - 2 scrolls of amnesia
 q - 13 scrolls of teleportation {@r2}
 r - 3 scrolls of revelation {@r4}
 t - a scroll of immolation
 B - 2 scrolls of torment
Potions
 e - a potion of haste {@q4}
 f - a potion of invisibility
 h - 5 potions of mutation
 i - a potion of attraction
 j - 2 potions of cancellation
 k - 4 potions of resistance {unknown}
 u - 2 potions of brilliance
 w - 4 potions of lignification {unknown}
 z - a potion of berserk rage {unknown}
 C - 2 potions of degeneration {unknown}
 G - a potion of curing {unknown}
 R - 2 potions of ambrosia {unknown}
 S - a potion of might {@q3}


   Skills:
 + Level 13.7 Fighting
 + Level 22.9 Axes
 - Level 16.2 Armour
 - Level 3.2 Shields
 + Level 3.2 Invocations


You had 14 spell levels left.
You didn't know any spells.
Your spell library contained the following spells:

 Spells                   Type           Power      Damage    Failure   Level
 Shock                    Conj/Air       0%         1d3       98%         1
 Cigotuvi's Dreadful Rot  Necr/Alch/Air  0%         N/A       99%         2
 Ensorcelled Hibernation  Hex/Ice        0%         N/A       99%         2
 Jinxbite                 Hex            0%         N/A       99%         2
 Lesser Beckoning         Tloc           0%         N/A       99%         2
 Gell's Gravitas          Tloc           0%         N/A       100%        3
 Hailstorm                Conj/Ice       0%         3d5       100%        3
 Inner Flame              Hex/Fire       0%         N/A       100%        3
 Passwall                 Erth           0%         N/A       100%        3
 Summon Ice Beast         Ice/Summ       0%         N/A       100%        3
 Swiftness                Air            0%         N/A       100%        3
 Teleport Other           Tloc           0%         N/A       100%        3
 Flame Wave               Conj/Fire      0%         2d4       100%        4
 Ignite Poison            Fire/Alch      0%         N/A       100%        4
 Sticky Flame             Fire/Alch      0%         2d4       100%        4
 Freezing Cloud           Conj/Ice/Air   0%         6-21      100%        5
 Summon Mana Viper        Hex/Summ       0%         N/A       100%        5
 Yara's Violent Unravell  Hex/Alch       0%         3d3       100%        5
 Conjure Ball Lightning   Conj/Air       0%         3x3d6     100%        6
 Sculpt Simulacrum        Ice/Alch       0%         N/A       100%        6
 Enfeeble                 Hex            0%         N/A       100%        7
 Monstrous Menagerie      Summ           0%         N/A       100%        7
 Maxwell's Capacitive Co  Air            0%         ∞         100%        8


Dungeon Overview and Level Annotations

Branches:
Dungeon (12/15)            Temple (1/1) D:5            Lair (5/5) D:11
  Swamp (1/4) Lair:2        Snake (0/4) Lair:2        Slime (0/5) Lair:4
    Orc (2/2) D:11            Elf (0/3) Orc:2

Altars:
Ashenzari
Cheibriados
Dithmenos
Elyvilon
Fedhas
Gozag
Hepliaklqana
Kikubaaqudgha
Makhleb
Nemelex Xobeh
Okawaru
Qazlal
Ru
Sif Muna
Trog
Uskayaw
Vehumet
Wu Jian
Xom
Yredelemnul
Zin
The Shining One
Beogh
Jiyva

Shops:
D:2 [   D:5 ?!   D:7 [

Annotations:
D:6 3 runed translucent doors, runewalsh's ghost, novice OpHW
Lair:1 3 runed translucent doors, koorschki's ghost, journeyman DsMo
Lair:4 1 runed translucent door


Innate Abilities, Weirdness & Mutations

You can walk on water.
You have a pair of small antennae on your head.
Your body sometimes deteriorates upon taking damage.


Message History

The rust devil hits you. The rust devil corrodes you!
The kobold blastminer blasts its cannon at you.
The iron shot hits you!
The orc sorcerer hits you but does no damage.
An orc warrior comes into view. It is wielding a +0 battleaxe.
The centaur hits you but does no damage.
The centaur kicks you but does no damage.
The orc warrior hits you with a +0 great mace!
* * * LOW HITPOINT WARNING * * *
You kill the kobold blastminer!
Beogh accepts your kill.
Your orc warrior looks more experienced.
The centaur wields a +0 orcbow.
The centaur shoots an arrow.
The arrow hits you but does no damage.
The orc knight roars a battlecry!
The orcs go into a battle-frenzy!
The centaur hits you but does no damage.
The centaur kicks you but does no damage.
The rust devil hits you. The rust devil corrodes you!
An orc comes into view. It is wielding a +0 orcbow.
The orc relaxes its fighting stance and smiles at you.
The kobold blastminer wields a +0 arbalest.
The kobold blastminer shoots a bolt.
The bolt hits you.
* * * LOW HITPOINT WARNING * * *
The orc sorcerer hits you but does no damage.
The orc warrior hits you with a +0 great mace!!
* * * LOW HITPOINT WARNING * * *
Your body deteriorates!
You feel clumsy.
You can move again.
You feel your dexterity returning.
You have reached level 15!
Your experience leads to an increase in your attributes!
Your base attributes are Str 24, Int 8, Dex 10.
Increase (S)trength, (I)ntelligence, or (D)exterity?
You feel stronger. x3
Okay, then.
Okay, then.
Okay, then.
You feel yourself speed up.
The centaur shoots an arrow.
The arrow hits you!
You die...

****∩****~~~~,,,,,,*,,,,*,,,,,,,*
~~*****~~≈≈,..)o).......#..,_,,,*
~~~* *~~~.....oo)..#....#..,,,,,*
,~~* *~~,......o).##....#.⌠,,,⌠,*
,,,***,,.##..##.)##.....#..,,,,,*
,,,,,,,........)o.......###+++***
,,,,,,,......o.Kc..........,,,,**
,,,,,,*........c)4......$#.,,****
,,,,,,,........o@).<.......**,,,,
*,,,,,,..........o..$...###,,,,,,
***,*,,....................,,,,,,
**,,,....................>,,,,,
***,,$......<............,,,,,,
**,,,,....................,,,,,,
*,,,,,....................,,,,,,
**,,,,.......)............,,,,,,
*,,,*,.................,,,,,,*,,


You could see an orc knight (strong), a rust devil (summoned, poisoned, ally
target), a kobold blastminer, an orc sorcerer (strong), 4 orc warriors, 2
centaurs, a friendly orc warrior (confused) and a friendly orc (strong).

Vanquished Creatures
  Donald (Orc:1)
  A dire elephant (Lair:5)
  A catoblepas (Lair:1)
  A hydra (Lair:5)
  3 two-headed ogres
  2 boulder beetles
  9 death yaks
  A spectral dire elephant (Lair:5)
  Amaemon (Lair:1)
  A swamp dragon (Swamp:1)
  A lindwurm (Lair:3)
  A spectral anaconda (Lair:5)
  A bog body (Swamp:1)
  An obsidian statue (Lair:5)
  2 necromancers (Lair:5)
  5 cyclopes
  An ugly thing (D:12)
  A manticore (D:12)
  9 elephants
  A will-o-the-wisp (Swamp:1)
  A kobold blastminer (Orc:2)
  2 black mambas
  An orange demon (Lair:1)
  9 cane toads
  A gargoyle (D:11)
  2 unseen horrors
  2 rime drakes
  5 komodo dragons
  Psyche (D:8)
  2 trolls
  A polar bear (Lair:5)
  A tyrant leech (Swamp:1)
  8 blink frogs
  A hornet (D:8)
  2 dream sheep (Lair:3)
  Sigmund (D:4)
  4 shadows
  4 water elementals (D:12)
  30 yaks
  A wyvern (Lair:1)
  2 basilisks
  2 steam dragons
  3 vampire mosquitoes (Swamp:1)
  A spectral cane toad (Lair:5)
  4 swamp worms (Swamp:1)
  Menkaure (D:4)
  3 nagas (Lair:2)
  An acid dragon (D:11)
  8 water moccasins
  5 orc warriors
  A swamp drake (Lair:2)
  2 black bears
  An ice beast (D:6)
  A sky beast (D:6)
  An ogre (D:7)
  10 centaurs
  15 wolves
  A phantom (D:3)
  4 kobold brigands
  9 bullfrogs
  2 gnoll sergeants
  A scorpion (D:6)
  A cane toad simulacrum (Lair:5)
  12 wights
  9 killer bees
  5 howler monkeys
  3 electric eels (D:12)
  A bombardier beetle (D:4)
  3 orc priests
  2 hounds
  A gnoll bouda (D:6)
  Jessica (D:2)
  5 iguanas
  2 hell rats (Lair:2)
  15 orc wizards
  5 river rats (Lair:2)
  9 adders
  11 gnolls
  A shadow imp (D:6)
  7 white imps
  5 worms
  A dart slug (D:1)
  23 orcs
  6 endoplasms
  5 giant cockroaches
  9 goblins
  4 hobgoblins
  5 quokkas
  4 ball pythons
  4 bats
  A frilled lizard (D:1)
  27 kobolds
  7 rats
395 creatures vanquished.

Vanquished Creatures (collateral kills)
  2 dire elephants (Lair:5)
  4 hydras
  A catoblepas (Lair:3)
  6 death yaks
  2 skysharks (Lair:5)
  A goliath frog (Swamp:1)
  A spectral death yak (Lair:5)
  A lindwurm (Lair:3)
  2 necromancers (Lair:5)
  6 elephants
  2 black mambas
  3 komodo dragons
  A polar bear (Lair:4)
  3 dream sheep (Lair:3)
  4 blink frogs (Lair:4)
  19 yaks
  A water elemental (D:12)
  A wyvern (Lair:4)
  A vampire mosquito (Swamp:1)
  A spectral cane toad (Lair:5)
  3 water moccasins
  A swamp drake (Swamp:1)
  3 orc warriors (Orc:1)
  9 wolves
  A centaur (Orc:2)
  5 bullfrogs
  An elephant simulacrum (Lair:5)
  An orc wizard (Orc:1)
  A river rat (Lair:2)
  3 orcs
90 creatures vanquished.

Vanquished Creatures (others)
  Nergalle (Swamp:1)
  An orc sorcerer (Swamp:1)
  2 orc knights (Swamp:1)
  3 orc priests
  3 orc warriors
  2 orc wizards
  An adder (D:6)
  7 orcs
  2 foxfires (Swamp:1)
22 creatures vanquished.

Grand Total: 507 creatures vanquished

Notes
Turn   | Place    | Note
-------+----------+-------------------------------------------
     0 | D:1      | NoAnimeNoLife the Hill Orc Fighter began the quest for the
                  | Orb.
     0 | D:1      | Reached XP level 1. HP: 19/19 MP: 1/1
   112 | D:1      | Reached skill level 3 in Axes
   133 | D:1      | Reached XP level 2. HP: 27/27 MP: 2/2
   311 | D:1      | Found a faded altar of an unknown god.
   581 | D:2      | Reached XP level 3. HP: 34/34 MP: 3/3
   600 | D:2      | Found Lodad's Armour Emporium.
   778 | D:2      | Reached skill level 4 in Axes
   813 | D:2      | Gained mutation: You have a pair of small antennae on your
                  | head. [potion of mutation]
   813 | D:2      | Gained mutation: Your body sometimes deteriorates upon
                  | taking damage. [potion of mutation]
   909 | D:2      | Reached XP level 4. HP: 41/41 MP: 4/4
   981 | D:2      | Reached skill level 5 in Fighting
  1110 | D:2      | Noticed Jessica
  1113 | D:2      | Killed Jessica
  1597 | D:3      | Reached skill level 5 in Axes
  1597 | D:3      | Reached XP level 5. HP: 46/48 MP: 5/5
  1708 | D:3      | Noticed a phantom
  1721 | D:3      | Killed a phantom
  2031 | D:4      | Identified the +4 arbalest of Buostraz {elec, Str+3 SInv}
  2066 | D:4      | Noticed Sigmund
  2073 | D:4      | Reached skill level 6 in Axes
  2073 | D:4      | Reached XP level 6. HP: 56/57 MP: 6/6
  2083 | D:4      | Killed Sigmund
  2255 | D:4      | Reached skill level 7 in Axes
  2255 | D:4      | Reached XP level 7. HP: 60/66 MP: 7/7
  2352 | D:4      | Noticed Menkaure
  2364 | D:4      | Killed Menkaure
  2975 | D:5      | Entered Level 5 of the Dungeon
  2994 | D:5      | Found Sihuoxoqa's Magic Scroll Emporium.
  3020 | D:5      | Bought a scroll of identify for 28 gold pieces
  3250 | D:5      | Found a staircase to the Ecumenical Temple.
  3337 | D:5      | Found a stormy altar of Qazlal.
  3362 | D:5      | Reached skill level 8 in Axes
  3446 | Temple   | Entered the Ecumenical Temple
  3552 | D:5      | Found Atsyj's Distillery.
  3795 | D:6      | Reached XP level 8. HP: 66/74 MP: 8/8
  3829 | D:6      | Found a basalt altar of Yredelemnul.
  3857 | D:6      | Found a shimmering blue altar of Sif Muna.
  3940 | D:6      | Found a runed translucent gate.
  3940 | D:6      | Found a runed translucent gate.
  3941 | D:6      | Found a runed translucent gate.
  3941 | D:6      | Noticed runewalsh's ghost (novice OpHW)
  3980 | D:6      | Reached skill level 9 in Axes
  4166 | D:6      | Found a sparkling altar of Nemelex Xobeh.
  4306 | D:6      | Reached skill level 10 in Axes
  4677 | D:7      | Reached skill level 10 in Fighting
  4742 | D:7      | Reached XP level 9. HP: 81/85 MP: 9/9
  4854 | D:7      | Reached skill level 11 in Axes
  5305 | D:7      | Became a worshipper of Beogh the Brigand
  5326 | D:7      | Found a shadowy altar of Dithmenos.
  5345 | D:7      | Found an iron altar of Okawaru.
  5429 | D:7      | Found Dotz's Antique Armour Shop.
  5667 | D:8      | Found a shimmering altar of Xom.
  5873 | D:8      | Reached skill level 12 in Axes
  6202 | D:8      | Noticed a hornet
  6207 | D:8      | Killed a hornet
  6246 | D:8      | Noticed Psyche
  6258 | D:8      | Killed Psyche
  6259 | D:8      | Reached XP level 10. HP: 96/97 MP: 10/10
  6358 | D:8      | Found a snail-covered altar of Cheibriados.
  6433 | D:8      | Reached skill level 13 in Axes
  6498 | D:9      | Noticed a cyclops
  6504 | D:9      | Reached * piety under Beogh
  6514 | D:9      | Killed a cyclops
  6719 | D:9      | Found an ornate altar of the Wu Jian Council.
  6908 | D:9      | Identified a scroll of acquirement
  6911 | D:9      | Acquired a +1 executioner's axe of venom
  7092 | D:10     | Entered Level 10 of the Dungeon
  7092 | D:10     | Noticed a two-headed ogre
  7099 | D:10     | Killed a two-headed ogre
  7100 | D:10     | Reached skill level 14 in Axes
  7168 | D:10     | Identified the +2 ring mail of Huziolal {Regen+ Dex+2}
  7181 | D:10     | Found a blossoming altar of Fedhas.
  7209 | D:10     | Found a glowing silver altar of Zin.
  7362 | D:10     | Killed an unseen horror
  7448 | D:10     | Reached ** piety under Beogh
  7488 | D:10     | Found a broken altar of Ashenzari.
  7625 | D:10     | Found an opulent altar of Gozag.
  7833 | D:11     | Found a staircase to the Orcish Mines.
  7949 | D:11     | Noticed a cyclops
  7954 | D:11     | Killed a cyclops
  7955 | D:11     | Reached skill level 5 in Armour
  7963 | D:11     | Noticed a boulder beetle
  7969 | D:11     | Killed a boulder beetle
  7970 | D:11     | Reached skill level 15 in Axes
  7970 | D:11     | Reached XP level 11. HP: 91/107 MP: 11/11
  8113 | D:11     | Found a staircase to the Lair.
  8171 | D:11     | Found a roughly hewn altar of Beogh.
  8293 | D:11     | Noticed a two-headed ogre
  8298 | D:11     | Killed a two-headed ogre
  8409 | D:11     | Noticed a two-headed ogre
  8414 | D:11     | Killed a two-headed ogre
  8477 | D:11     | Noticed a cyclops
  8481 | D:11     | Killed a cyclops
  8482 | D:11     | Reached skill level 16 in Axes
  8733 | D:12     | Noticed a white ugly thing
  8741 | D:12     | Killed a white ugly thing
  8760 | D:12     | Noticed a manticore
  8768 | D:12     | Killed a manticore
  8858 | D:12     | Found an ornate altar of the Wu Jian Council.
  8883 | D:12     | Reached *** piety under Beogh
  9219 | D:12     | Noticed a cyclops
  9222 | D:12     | Noticed a cyclops
  9226 | D:12     | Killed a cyclops
  9233 | D:12     | Killed a cyclops
  9234 | D:12     | Reached skill level 17 in Axes
  9425 | D:12     | Reached XP level 12. HP: 104/115 MP: 12/12
  9674 | Lair:1   | Entered Level 1 of the Lair of Beasts
  9680 | Lair:1   | Noticed Amaemon
  9692 | Lair:1   | Killed Amaemon
  9704 | Lair:1   | HP: 5/115 [poisoned by an orange demon]
  9709 | Lair:1   | HP: 5/115 [poisoned by an orange demon]
  9846 | Lair:1   | Reached skill level 10 in Armour
  9918 | Lair:1   | Noticed a boulder beetle
  9924 | Lair:1   | Killed a boulder beetle
  9941 | Lair:1   | Noticed a catoblepas
  9952 | Lair:1   | Killed a catoblepas
 10177 | Lair:1   | Got the Octavo of the Squall
 10239 | Lair:1   | Identified the +9 flail of Riun {venom, rElec rF- Will+
                  | SInv}
 10259 | Lair:1   | Reached skill level 18 in Axes
 10578 | Lair:1   | Found a runed translucent gate.
 10578 | Lair:1   | Found a runed translucent gate.
 10578 | Lair:1   | Found a runed translucent gate.
 10581 | Lair:1   | Noticed koorschki's ghost (journeyman DsMo)
 10584 | Lair:1   | Found a viscous altar of Jiyva.
 10821 | Lair:2   | Found a staircase to the Swamp.
 10829 | Lair:2   | Reached **** piety under Beogh
 11373 | Lair:2   | Noticed Nergalle
 11782 | Lair:2   | Found a staircase to the Snake Pit.
 12095 | Lair:3   | Reached skill level 19 in Axes
 12138 | Lair:3   | Reached ***** piety under Beogh
 12144 | Lair:3   | Reached XP level 13. HP: 112/122 MP: 13/13
 12198 | Lair:3   | Gained Grimold as an ally
 13336 | Lair:4   | Identified the +1 ring mail of the Ward {Str+5}
 13351 | Lair:4   | Reached skill level 20 in Axes
 13748 | Orc:1    | Entered Level 1 of the Orcish Mines
 13949 | Lair:4   | Gained Warbeogh as an ally
 14052 | Lair:4   | Your ally Warbeogh died
 14056 | Lair:4   | Reached skill level 21 in Axes
 14225 | Lair:4   | Found a runed translucent door.
 14225 | Lair:4   | Found a viscous altar of Jiyva.
 14225 | Lair:4   | Noticed an acid blob
 14226 | Lair:4   | Found a staircase to the Slime Pits.
 14226 | Lair:4   | Noticed an acid blob
 14338 | Lair:5   | Entered Level 5 of the Lair of Beasts
 14355 | Lair:5   | Reached XP level 14. HP: 129/129 MP: 14/14
 14656 | Lair:5   | Reached skill level 15 in Armour
 14920 | Lair:5   | Reached ****** piety under Beogh
 14922 | Lair:5   | Reached skill level 22 in Axes
 15229 | Lair:5   | Noticed a dire elephant
 15229 | Lair:5   | Noticed a dire elephant
 15229 | Lair:5   | Noticed a dire elephant
 15538 | Lair:5   | Killed a dire elephant
 15546 | Lair:5   | Killed a dire elephant
 15546 | Lair:5   | Killed a dire elephant
 15697 | Lair:5   | Identified the ring "Rufog" {rElec rPois rN+ Int-3 Dex+3}
 16115 | D:7      | Bought a runed plate armour for 676 gold pieces
 16706 | Orc:2    | Entered Level 2 of the Orcish Mines
 16706 | Orc:2    | Noticed Donald
 16812 | Swamp:1  | Entered Level 1 of the Swamp
 16819 | Swamp:1  | Reached skill level 1 in Invocations
 16849 | Swamp:1  | Your ally Nergalle died
 16853 | Swamp:1  | HP: 1/129 [+2 spectral quarterstaff[a spriggan druid] (7)]
 16855 | Swamp:1  | Your ally Grimold died
 17164 | Orc:1    | Killed Donald
 17264 | Orc:2    | Paralysed by an orc sorcerer for 4 turns
 17269 | Orc:2    | Reached XP level 15. HP: 8/136 MP: 17/17
 17269 | Orc:2    | Shot with an arrow by a centaur

Illustrated notes

Levels and vault maps discovered:
D:1:      eino_arrival_cavern_b, layout_rooms,
          hellmonk_ecumenical_altar_arch_garden, minmay_worlds_worst_comb
D:2:      layout_loops_ring, serial_shops, shop_fountains, uniq_jessica
D:3:      layout_basic
D:4:      layout_gridville, nicolae_letterblocks [nicolae_letter_subblock,
          nicolae_letter_subblock, nicolae_letter_subblock,
          nicolae_letter_subblock, nicolae_letter_subblock,
          nicolae_letter_subblock, nicolae_letter_subblock,
          nicolae_letter_subblock, nicolae_letter_subblock,
          nicolae_letter_subblock, nicolae_letter_subblock,
          nicolae_letter_subblock, nicolae_letter_subblock,
          nicolae_letter_subblock, nicolae_letter_subblock,
          nicolae_letter_subblock, nicolae_letter_subblock,
          nicolae_letter_subblock, nicolae_letter_subblock,
          nicolae_letter_subblock, nicolae_letter_subblock,
          nicolae_letter_subblock, nicolae_letter_subblock,
          nicolae_letter_subblock, nicolae_letter_subblock], uniq_sigmund,
          uniq_menkaure
D:5:      layout_basic, mainiacjoe_overflow_cross_hatched,
          minmay_temple_entry_mist, serial_shops, nicolae_stop_n_shop_1,
          amethyst_killhole, chequers_serial_rivers_micro_e,
          nicolae_take_the_stairs, chequers_serial_rivers_small_a
D:6:      layout_basic, lemuel_round_altar, mainiacjoe_overflow_tiny_flanked,
          overflow_temple_1_default, ebering_ghost_rock_garden,
          kennysheep_another_room
D:7:      layout_loops_ring, grunt_dithmenos_smoke, okawaru_ov_weapons_minmay,
          serial_shops, shop
D:8:      layout_basic, mainiacjoe_overflow_boulevard, cheibriados_altar_1,
          uniq_psyche
D:9:      layout_cave_pools, lemuel_doored_altar
D:10:     layout_rooms, nicolae_gozag_cash_rules_everything_around_me,
          ashenzari_altar_1, mainiacjoe_overflow_two_lobes
D:11:     layout_irregular_city, dpeg_oklobed_lair,
          minmay_orc_entry_temple_small
D:12:     layout_cave_pools, serial_bayou, serial_bayou_pond_d,
          serial_bayou_ford_a, serial_bayou_lake_a, serial_bayou_pond_e,
          nzn_wu_jian_council_hall
Temple:   hellmonk_temple_forest_ring
Lair:1:   layout_regular_city, gammafunk_ghost_ooze, grunt_megastairs_5,
          serial_bayou_shore_b, uniq_amaemon
Lair:2:   layout_chaotic_city, minmay_swamp_entry_reptiles,
          nicolae_snake_entry_squirm, kennysheep_rathole, serial_bayou_shore_a,
          uniq_nergalle
Lair:3:   layout_gridlike, nicolae_lair_lindhole
Lair:4:   layout_misc_corridors, slime_entry_2, infiniplex_staircase_pool,
          lemuel_fruit_tree
Lair:5:   due_jungle_book, layout_regular_city
Swamp:1:  layout_falls_marsh, nicolae_swamp_stuck_in_the_mud
Orc:1:    layout_caves
Orc:2:    st_orc_rangers, layout_caves, serial_shops, bzr_firewalk,
          portal_ice_cave_entry_animals_and_master, regret_index_xom_of_box,
          uniq_sonja, uniq_donald

Skill      XL: |  1  2  3  4  5  6  7  8  9 10 11 12 13 14 |
---------------+-------------------------------------------+-----
Axes           | 3 4 5 6 7 8 10 12 15 17 19 21 22 | 22.9
Fighting       | 4 5 6 7 8 10 12 13 | 13.7
Armour         | 6 9 12 14 16 | 16.2
Invocations    | 3 |  3.2
Shields        | |  3.2

Action                     |  1- 3 |  4- 6 |  7- 9 | 10-12 | 13-15 || total
---------------------------+-------+-------+-------+-------+-------++-------
  Melee: War axe           |   103 |   104 |   258 |    68 |       ||   533
         Executioner's axe |       |       |       |   304 |   316 ||   620
 Invoke: Convert to Beogh  |       |       |     1 |       |       ||     1
         Recall Orcish Fol |       |       |       |       |     9 ||     9
         Give Item to Name |       |       |       |       |     2 ||     2
  Evoke: Wand              |       |       |       |     3 |    10 ||    13
    Use: Potion            |     3 |     1 |       |     2 |     4 ||    10
         Scroll            |     3 |       |     8 |    11 |     8 ||    30
   Stab: Distracted        |       |       |       |     1 |     9 ||    10
         Confused          |       |       |       |     1 |     1 ||     2
 Armour: Scale mail        |    69 |    77 |     5 |       |       ||   151
         Leather armour    |       |       |   196 |       |       ||   196
         Chain mail        |       |       |    22 |   436 |   462 ||   920
         Plate armour      |       |       |       |       |    72 ||    72
  Dodge: Dodged            |    54 |    41 |   123 |   185 |   180 ||   583
  Block: Buckler           |    22 |    18 |    55 |    19 |       ||   114

Table legend: (Time is in decaauts)
 A = Elapsed time spent in this place.
 B = Non-inter-level travel time spent in this place.
 C = Inter-level travel time spent in this place.
 D = Time resting spent in this place.
 E = Time spent auto-exploring this place.
 F = Levels seen in this place.
 G = Mean time per level.
                   A        B        C        D        E       F      G
               +--------+--------+--------+--------+--------+-----+--------+
         Total |  17422 |  15701 |   1721 |   2014 |  10657 |  21 |  829.6 |
       Dungeon |  10458 |   9392 |   1066 |    800 |   6804 |  12 |  871.5 |
        Temple |      1 |      1 |      0 |      0 |      0 |   1 |    1.0 |
          Lair |   6289 |   5642 |    647 |   1044 |   3666 |   5 | 1257.8 |
         Swamp |     47 |     47 |      0 |      0 |      0 |   1 |   47.0 |
  Orcish Mines |    625 |    619 |      6 |    169 |    186 |   2 |  312.5 |
               +--------+--------+--------+--------+--------+-----+--------+

Top non-repeatable levels by time:
  Lair:5: 1592 daAuts
  Lair:2: 1428 daAuts
    D:11: 1369 daAuts
  Lair:1: 1247 daAuts
  Lair:3: 1137 daAuts
     D:7: 1042 daAuts
     D:4: 1010 daAuts
     D:6: 986 daAuts
     D:8: 938 daAuts
  Lair:4: 884 daAuts
    D:12: 864 daAuts
     D:2: 836 daAuts
    D:10: 769 daAuts
     D:5: 705 daAuts
     D:9: 689 daAuts
